 Dungeon Crawl Stone Soup version 0.26-a0-818-g75db068ed4 (webtiles) character file.

Game seed: 7768338465647563365

518 sahdkjhfkaj the Skirmisher (level 7, -8/43 HPs)
             Began as a Tengu Gladiator on Nov 14, 2020.
             Mangled by an ogre
             ... wielding a +0 giant club
              (16 damage)
             ... on level 4 of the Dungeon.
             The game lasted 00:05:27 (4008 turns).

sahdkjhfkaj the Skirmisher (Tengu Gladiator)        Turns: 4008, Time: 00:05:28

Health: -8/43      AC: 14    Str: 16    XL:     7   Next: 21%
Magic:  8/8        EV:  7    Int:  9    God:
Gold:   245        SH:  0    Dex: 15    Spells: 6/6 levels left

rFire    . . .     SeeInvis .   a - +0 war axe
rCold    . . .     Faith    .   (no shield)
rNeg     . . .     Spirit   .   x - +0 plate armour
rPois    .         Reflect  .   c - +0 hat
rElec    .         Harm     .   m - +0 cloak
rCorr    .         Rampage  .   q - +0 pair of gloves
MR       .....                  (boots unavailable)
Stlth    ..........             (no amulet)
HPRegen  0.14/turn              (no ring)
MPRegen  0.11/turn              (no ring)

@: flying quickly and evasively, quick
A: beak, talons 3, able to fly
a: Stop Flying


You were on level 4 of the Dungeon.
You visited 1 branch of the dungeon, and saw 5 of its levels.
You also visited: Sewer.

You collected 245 gold pieces.

Inventory:

Hand Weapons
 a - a +0 war axe (weapon)
Missiles
 d - 3 throwing nets {!f}
 f - 219 stones (quivered)
Armour
 b - a +0 buckler
 c - a +0 hat (worn)
 m - a +0 cloak (worn)
 q - a +0 pair of gloves (worn)
 x - a +0 plate armour (worn)
Jewellery
 e - a +4 ring of evasion {unknown}
 t - an uncursed amulet of regeneration {unknown}
 D - an uncursed ring of fire {unknown}
Wands
 s - a wand of iceblast (3)
 B - a wand of flame (26)
Scrolls
 g - a scroll of enchant armour {!r}
 h - a scroll of amnesia {!r}
 k - 2 scrolls of fear {!r}
 o - 2 scrolls of remove curse {!r, unknown}
 p - a scroll of magic mapping {!r, unknown}
 r - 4 scrolls of teleportation {!r, unknown}
 w - 2 scrolls of immolation {!r, unknown}
 y - a scroll of acquirement {!r, unknown}
 z - a scroll of random uselessness {!r, unknown}
Potions
 i - a potion of mutation {!q, unknown}
 j - 3 potions of heal wounds {!q, unknown}
 l - 2 potions of curing {!q}
 n - 2 potions of magic {!q, unknown}
 u - a potion of lignification {!q, unknown}
 v - a potion of haste {!q, unknown}
 A - a potion of attraction {!q, unknown}
 C - a potion of ambrosia {!q, unknown}


   Skills:
 * Level 4.2 Fighting
 + Level 4.0 Axes
 - Level 2.0 Throwing
 + Level 3.8 Armour
 + Level 3.9 Dodging
 - Level 4.0 Shields


You had 6 spell levels left.
You didn't know any spells.
Your spell library was empty.

Dungeon Overview and Level Annotations

Branches:
Dungeon (5/15)              Sewer (visited)
 Temple: D:4-7

Altars:


Innate Abilities, Weirdness & Mutations

You have a beak for a mouth.
You have claws for feet.
You can fly continuously.


Message History

* * * LOW HITPOINT WARNING * * *
You hit the ogre. You peck the ogre.
The ogre is moderately wounded.
The ogre barely misses you.
You hit the ogre. You claw the ogre, but do no damage.
The ogre is moderately wounded.
The ogre hits you with a +0 giant club.
* * * LOW HITPOINT WARNING * * *
You hit the ogre but do no damage.
The ogre is moderately wounded.
The ogre hits you with a +0 giant club!
* * * LOW HITPOINT WARNING * * *
You slash the ogre!
The ogre is severely wounded.
The ogre closely misses you.
Unknown command.
You hit the ogre. You claw the ogre, but do no damage.
The ogre is severely wounded.
The ogre hits you with a +0 giant club!
You die...

......####...## ###
#####.#.....[.##...
#.#........#.##
#.#............
##.#>..[....###
#....##....###
#............#
#....##....#.########
####.##.#..#.@O.[....
#######.##.#........####
......#.##.#..#####...(.
#####.#.#.....# ####
#.#.......# #.# ....##
#####.####.#.
.............
#####)####... ##.


You could see an ogre.

Vanquished Creatures
  An ogre (D:4)
  A bullfrog (Sewer)
  A scorpion (D:4)
  A hound (D:4)
  A worker ant (D:4)
  A killer bee zombie (D:3)
  7 adders
  12 oozes
  A worm (D:4)
  2 dart slugs (D:1)
  19 leopard geckos
  4 orcs
  12 ball pythons
  13 giant cockroaches
  5 goblins
  4 hobgoblins
  7 jackals
  A kobold (D:1)
  A quokka (D:3)
  8 bats
  15 frilled lizards
  2 rats
119 creatures vanquished.

Notes
Turn   | Place    | Note
-------+----------+-------------------------------------------
     0 | D:1      | sahdkjhfkaj the Tengu Gladiator began the quest for the
                  | Orb.
     0 | D:1      | Reached XP level 1. HP: 12/12 MP: 2/2
    37 | D:1      | Reached skill level 1 in Armour
    38 | D:1      | Reached XP level 2. HP: 14/17 MP: 3/3
   560 | D:1      | Reached XP level 3. HP: 18/21 MP: 4/4
  1137 | D:2      | Reached XP level 4. HP: 17/27 MP: 5/5
  2064 | D:3      | You fall into a shaft and drop 2 floors!
  2064 | D:5      | Entered Level 5 of the Dungeon
  2163 | D:4      | Gained mutation: You can fly continuously. [Tengu growth]
  2163 | D:4      | Reached XP level 5. HP: 30/32 MP: 6/6
  2225 | D:3      | Found a glowing drain.
  2252 | Sewer    | Entered a sewer
  2334 | Sewer    | Reached skill level 1 in Shields
  2436 | Sewer    | Reached XP level 6. HP: 38/38 MP: 7/7
  3505 | D:4      | Reached XP level 7. HP: 43/43 MP: 8/8
  4008 | D:4      | Mangled by an ogre

Illustrated notes

Levels and vault maps discovered:
D:1:      dpeg_arrival_stone_temple_mockup, layout_basic
D:2:      layout_basic
D:3:      layout_rooms, portal_sewer_entry_f
D:4:      layout_loops_ring, kennysheep_little_box
D:5:      layout_cave_pools

Skill      XL: |  1  2  3  4  5  6  7 |
---------------+----------------------+-----
Armour         | 1 2 3 |  3.8
Fighting       | 3 4 |  4.2
Shields        | 2 4 |  4.0
Axes           | 4 |  4.0
Throwing       | |  2.0
Dodging        | |  3.9

Action                   |  1- 3 |  4- 6 |  7- 9 || total
-------------------------+-------+-------+-------++-------
Melee: War axe           |    85 |   183 |    20 ||   288
       Kick              |    21 |    42 |     6 ||    69
       Peck              |    10 |    30 |     5 ||    45
Throw: Stone             |       |    77 |       ||    77
 Abil: Fly               |       |     1 |       ||     1
  Use: Scroll            |       |     3 |       ||     3
       Potion            |       |     1 |       ||     1
Armor: Leather armour    |    27 |     2 |       ||    29
       Plate armour      |       |   162 |    14 ||   176
Dodge: Dodged            |    72 |    89 |     7 ||   168

Table legend: (Time is in decaauts)
 A = Elapsed time spent in this place.
 B = Non-inter-level travel time spent in this place.
 C = Inter-level travel time spent in this place.
 D = Time resting spent in this place.
 E = Time spent auto-exploring this place.
 F = Levels seen in this place.
 G = Mean time per level.
                   A        B        C        D        E       F      G
               +--------+--------+--------+--------+--------+-----+--------+
         Total |   4031 |   3905 |    126 |     51 |   3050 |   6 |  671.8 |
       Dungeon |   3384 |   3258 |    126 |     51 |   2632 |   5 |  676.8 |
         Sewer |    647 |    647 |      0 |      0 |    418 |   1 |  647.0 |
               +--------+--------+--------+--------+--------+-----+--------+

Top non-repeatable levels by time:
     D:2: 1100 daAuts
     D:1: 977 daAuts
   Sewer: 647 daAuts
     D:3: 644 daAuts
     D:4: 582 daAuts
     D:5: 80 daAuts
